 Dungeon Crawl Stone Soup version 0.19.1 (webtiles) character file.

3418 Firecrotchwizard the Destroyer (level 9, -6/57 HPs)
             Began as a Demonspawn Fire Elementalist on Dec 22, 2016.
             Was a Priest of Vehumet.
             Killed from afar by Erica (9 damage)
             ... with an orb of energy
             ... on level 7 of the Dungeon.
             The game lasted 00:40:52 (8754 turns).

Firecrotchwizard the Destroyer (DsFE)               Turns: 8754, Time: 00:40:52

Health: -6/57      AC:  8    Str:  8    XL:     9   Next: 76%
Magic:  0/18       EV: 12    Int: 20    God:    Vehumet [***...]
Gold:   350        SH:  0    Dex: 14    Spells: 6 memorised, 1 level left

rFire  + + .     SeeInvis .     f - +2 dagger (venom)
rCold  + . .     Gourm    .     G - +1 robe {rC+ rF+}
rNeg   . . .     Faith    .     (no shield)
rPois  .         Spirit   +     F - +0 helmet
rElec  .         Reflect  +     (no cloak)
rCorr  .         Harm     .     (no gloves)
MR     .....                    E - +1 pair of boots
Stlth  +.........               l - +4 amulet of reflection
                                I - ring of fire
                                v - ring of protection from cold

@: confused, lethally poisoned (-6 -> -11)
A: hooves 1, iridescent scales 1, demonic guardian 1, magic shield, magic
regeneration
a: Renounce Religion


You were on level 7 of the Dungeon.
You worshipped Vehumet.
Vehumet was most pleased with you.
You were not hungry.

You visited 1 branch of the dungeon, and saw 8 of its levels.

You collected 350 gold pieces.

Inventory:

Hand Weapons
 e - a +0 dagger
 f - a +2 dagger of venom (weapon)
 y - a +0 vampiric dagger
Armour
 a - a +1 robe
 o - a +0 pair of boots
 E - a +1 pair of boots (worn)
 F - a +0 helmet (worn)
 G - a +1 robe of resistance (worn)
Jewellery
 g - an uncursed ring of ice
 l - a +4 amulet of reflection (around neck)
 v - a ring of protection from cold (left hand)
 I - a ring of fire (right hand)
Wands
 n - a wand of flame (48/48)
 u - a wand of heal wounds (5/9)
 A - a wand of flame (25/48)
 B - a wand of digging (8/24)
 H - a wand of lightning (5/15)
Scrolls
 k - 3 scrolls of recharging
 q - a scroll of remove curse
 r - a scroll of teleportation
 s - 2 scrolls of amnesia
 x - 2 scrolls of identify
Potions
 i - a potion of flight {unknown}
 j - 2 potions of lignification
 m - 2 potions of agility
 p - 2 potions of brilliance
 t - 2 potions of ambrosia
 w - a potion of berserk rage {unknown}
 z - a potion of degeneration {unknown}
 C - 2 potions of cancellation
 D - a potion of might {unknown}
Books
 b - a book of Flames

   Spells                             Type                      Level
   a - Flame Tongue                   Conjuration/Fire             1
   b - Throw Flame                    Conjuration/Fire             2
   c - Conjure Flame                  Conjuration/Fire             3
   d - Inner Flame                    Hexes/Fire                   3
   e - Sticky Flame                   Conjuration/Fire             4
   f - Fireball                       Conjuration/Fire             5
Comestibles
 c - 11 bread rations
 K - a meat ration


   Skills:
 - Level 1.7 Dodging
 - Level 1.7 Stealth
 + Level 6.0 Spellcasting
 * Level 8.9 Conjurations
 * Level 8.6 Fire Magic


You had one spell level left.
You knew the following spells:

 Your Spells              Type           Power        Failure   Level  Hunger
a - Flame Tongue          Conj/Fire      #####        1%          1    None
b - Conjure Flame         Conj/Fire      ######..     1%          3    ##.....
c - Sticky Flame          Conj/Fire      ######..     1%          4    ####...
d - Fireball              Conj/Fire      ######....   2%          5    #####..
e - Ignite Poison         Fire/Tmut/Pois ####....     3%          3    ##.....
f - Dazzling Spray        Conj/Hex       ###...       2%          3    ##.....


Dungeon Overview and Level Annotations

Branches:
Dungeon (8/15)             Temple (0/1) D:6
   Lair: D:8-11

Altars:
Elyvilon
Hepliaklqana
Makhleb
Okawaru
Qazlal
Sif Muna
Uskayaw
Vehumet
Yredelemnul
Zin
The Shining One

Shops:
D:5 [

Annotations:
D:7 Erica
D:8 bande's ghost, novice HOFi


Innate Abilities, Weirdness & Mutations

You have large cloven feet.
You are partially covered in iridescent scales. (AC +2)
A weak demonic guardian rushes to your aid.
When hurt, damage is shared between your health and your magic reserves.
You regenerate magic rapidly.


Message History

You feel sick.
* * * LOW HITPOINT WARNING * * *
You feel sick.
You hear some strange, mumbled words.
You are confused.
* * * LOW HITPOINT WARNING * * *
You feel sick.
You're too confused to cast spells.
You're too confused!
* * * LOW HITPOINT WARNING * * *
You feel sick.
Erica appears from thin air!
Reactivating autopickup.
Erica the Fiery-Tempered comes into view.
She is wielding a scimitar of flaming. x2
* * * LOW HITPOINT WARNING * * *
You feel sick.
* * * LOW HITPOINT WARNING * * *
You feel sick. Erica gestures at you while chanting.
The orb of energy hits you!
You die...

#(...... #.......
#....... #.......
######## #########
#.5.....# #.......#
#########.@.@...#
#>......'.......#
#########
#.#######.......#
#.......# #####[#
######..# #.......#
...##.#
#....###.......#
##.##.###
#.....##.......#
##.##...#
#....[##.....).#
.#..'..(#
##.....##.......#
#####...####
#.[....##.._....###


You could see Erica and a friendly white imp.

Vanquished Creatures
  A hippogriff (D:7)
  A wyvern (D:8)
  A hungry ghost (D:7)
  A water moccasin (D:8)
  2 orc warriors (D:6)
  2 sky beasts
  2 ice beasts
  2 ogres (D:6)
  A centaur (D:5)
  A big kobold (D:8)
  4 bullfrogs
  Dowan (D:5)
  2 scorpions
  9 wights
  2 howler monkeys
  2 crimson imps
  A bullfrog zombie (D:7)
  A quasit (D:7)
  2 orc priests (D:6)
  2 bullfrog skeletons
  A hound (D:6)
  2 orc wizards
  A gnoll shaman (D:7)
  2 iguanas
  4 worker ants
  A hound zombie (D:6)
  A hound skeleton (D:6)
  2 worker ant zombies
  8 adders
  4 gnolls (D:7)
  2 adder zombies
  4 worms
  A dart slug (D:1)
  6 leopard geckos
  29 orcs
  8 giant cockroaches
  14 goblins
  4 hobgoblins
  A quokka (D:2)
  11 bats
  4 frilled lizards
  5 kobolds
  A leopard gecko zombie (D:5)
  A quokka zombie (D:5)
  7 rats
164 creatures vanquished.

Vanquished Creatures (collateral kills)
  Duvessa (D:5)
  An ice beast (D:5)
  3 ogres
  Blork the orc (D:4)
  A bullfrog (D:6)
7 creatures vanquished.

Grand Total: 171 creatures vanquished

Notes
Turn   | Place    | Note
-------+----------+-------------------------------------------
     0 | D:1      | Firecrotchwizard the Demonspawn Fire Elementalist began the quest for the Orb.
     0 | D:1      | Reached XP level 1. HP: 13/13 MP: 3/3
   261 | D:1      | Gained mutation: When hurt, damage is shared between your health and your magic reserves. [demonic ancestry]
   261 | D:1      | Reached XP level 2. HP: 19/19 MP: 5/5
   906 | D:2      | Found a radiant altar of Vehumet.
   916 | D:2      | Became a worshipper of Vehumet
   965 | D:2      | Gained mutation: You have large cloven feet. [demonic ancestry]
   965 | D:2      | Reached XP level 3. HP: 24/24 MP: 4/6
  1068 | D:2      | Found a hazy altar of Hepliaklqana.
  1172 | D:2      | Learned a level 3 spell: Conjure Flame
  2009 | D:2      | Gained mutation: You regenerate magic rapidly. [demonic ancestry]
  2009 | D:2      | Reached XP level 4. HP: 21/30 MP: 0/7
  2527 | D:3      | Found a glowing golden altar of the Shining One.
  2641 | D:3      | Reached * piety under Vehumet
  2641 | D:3      | Offered knowledge of Sandblast by Vehumet.
  2651 | D:3      | Found a stormy altar of Qazlal.
  2832 | D:4      | Gained mutation: A weak demonic guardian rushes to your aid. [demonic ancestry]
  2832 | D:4      | Reached XP level 5. HP: 10/35 MP: 1/9
  3324 | D:4      | Found an iron altar of Okawaru.
  3325 | D:4      | Found a basalt altar of Yredelemnul.
  3413 | D:4      | Found a white marble altar of Elyvilon.
  3413 | D:4      | Found a faded altar of an unknown god.
  3418 | D:4      | Found a faded altar of an unknown god.
  3420 | D:4      | Found a faded altar of an unknown god.
  3422 | D:4      | Found a faded altar of an unknown god.
  3443 | D:4      | Noticed Blork the orc
  3451 | D:4      | Killed Blork the orc
  3840 | D:4      | Reached XP level 6. HP: 41/41 MP: 7/10
  3861 | D:4      | Found a deep blue altar of Sif Muna.
  3911 | D:4      | Learned a level 4 spell: Sticky Flame
  4381 | D:4      | Found a glowing silver altar of Zin.
  4810 | D:5      | Entered Level 5 of the Dungeon
  4810 | D:5      | Found a hide-covered altar of Uskayaw.
  4810 | D:5      | Noticed a hand axe
  4810 | D:5      | Noticed a hand axe
  4857 | D:5      | Found Soocruqe's Armour Shoppe.
  4865 | D:5      | Noticed Dowan
  5015 | D:5      | Noticed a sky beast
  5021 | D:5      | Reached skill level 5 in Fire Magic
  5028 | D:5      | Killed a sky beast
  5028 | D:5      | Reached XP level 7. HP: 46/46 MP: 5/12
  5035 | D:5      | Offered knowledge of Freeze by Vehumet.
  5040 | D:5      | Reached ** piety under Vehumet
  5091 | D:5      | Reached skill level 5 in Conjurations
  5225 | D:5      | Learned a level 5 spell: Fireball
  5321 | D:5      | Found a burning altar of Makhleb.
  6016 | D:5      | Killed Dowan
  6016 | D:5      | Reached XP level 8. HP: 40/52 MP: 6/14
  6017 | D:5      | Noticed Duvessa
  6024 | D:5      | Killed Duvessa
  6314 | D:6      | Found a staircase to the Ecumenical Temple.
  6681 | D:6      | Offered knowledge of Ignite Poison by Vehumet.
  6687 | D:6      | Learned a level 3 spell: Ignite Poison
  6870 | D:6      | Reached skill level 5 in Spellcasting
  7270 | D:6      | Gained mutation: You are partially covered in iridescent scales. (AC +2) [demonic ancestry]
  7270 | D:6      | Reached XP level 9. HP: 57/57 MP: 13/16
  7304 | D:6      | Reached *** piety under Vehumet
  7564 | D:7      | Offered knowledge of Dazzling Spray by Vehumet.
  7665 | D:7      | Found a deep blue altar of Sif Muna.
  8123 | D:8      | Noticed bande's ghost (novice HOFi)
  8611 | D:7      | Learned a level 3 spell: Dazzling Spray
  8753 | D:7      | Noticed Erica
  8754 | D:7      | Killed from afar by Erica

Skill      XL: |  1  2  3  4  5  6  7  8  9 |
---------------+----------------------------+-----
Fire Magic     | 3 4 5 6 7 8 |  8.6
Conjurations   | 2 3 4 5 7 8 |  8.9
Spellcasting   | 3 4 5 6 |  6.0
Dodging        | |  1.7
Stealth        | |  1.7

Action                   |  1- 3 |  4- 6 |  7- 9 || total
-------------------------+-------+-------+-------++-------
Melee: Dagger            |    88 |    23 |   121 ||   232
       Kick              |     3 |     4 |    14 ||    21
 Cast: Flame Tongue      |    56 |    83 |   267 ||   406
       Fireball          |       |       |     7 ||     7
       Dazzling Spray    |       |       |     1 ||     1
  Use: Scroll            |       |    10 |     7 ||    17
 Stab: Sleeping          |     4 |       |       ||     4
       Distracted        |       |       |     1 ||     1
  Eat: Chunk             |     4 |     6 |     4 ||    14
       Fruit             |       |     2 |     1 ||     3
       Meat ration       |       |     1 |     1 ||     2
       Beef jerky        |       |       |     2 ||     2
Armor: Robe              |    23 |    14 |    39 ||    76
Dodge: Dodged            |    68 |    22 |   106 ||   196
Block: Other             |     6 |     8 |    24 ||    38
       Reflection        |     1 |       |     1 ||     2
